 Dungeon Crawl Stone Soup version 0.25.1-2-g60ff931 (webtiles) character file.

Game seed: 14791183714227097435

1509 2bobheroes the Nimble (level 8, 39/39 HPs)
             Began as a Felid Monk on Aug 1, 2020.
             Was an Elder of Kikubaaqudgha.
             Quit the game on level 8 of the Dungeon.
             The game lasted 00:36:19 (11019 turns).

2bobheroes the Nimble (Felid Monk)                 Turns: 11019, Time: 00:36:20

Health: 39/39      AC:  2    Str:  7    XL:     8   Next: 53%
Magic:  12/12      EV: 25    Int: 12    God:    Kikubaaqudgha [****..]
Gold:   471        SH:  0    Dex: 21    Spells: 1/11 levels left
                                        Lives:  1   Deaths: 1

rFire    . . .     SeeInvis +     - Unarmed
rCold    . . .     Gourm    .   (shield unavailable)
rNeg     . . .     Faith    .   (armour unavailable)
rPois    .         Spirit   .   (helmet unavailable)
rElec    .         Reflect  .   (cloak unavailable)
rCorr    .         Harm     .   (gloves unavailable)
MR       +....                  (boots unavailable)
Stlth    ++++......             (no amulet)
HPRegen  0.13/turn              (no ring)
MPRegen  0.13/turn              (no ring)

@: quick
A: very small, no armour, no weapons or thrown items, stealth, claws 1, fangs 3,
see invisible, carnivore, speed 1, shaggy fur 2, slow metabolism 1, sharp paws
a: Receive Corpses, Renounce Religion


You were on level 8 of the Dungeon.
You worshipped Kikubaaqudgha.
Kikubaaqudgha was greatly pleased with you.
You were not hungry.

You visited 1 branch of the dungeon, and saw 8 of its levels.
You also visited: Ossuary.

You collected 471 gold pieces.

Inventory:

Jewellery
 e - an uncursed ring of positive energy {unknown}
Wands
 t - a wand of disintegration (5)
Scrolls
 g - a scroll of vulnerability {unknown}
 i - 5 scrolls of amnesia
 j - 6 scrolls of remove curse
 k - a scroll of magic mapping
 o - 4 scrolls of teleportation
 r - 2 scrolls of fog {unknown}
 v - a scroll of immolation {unknown}
 x - a scroll of fear {unknown}
 y - a scroll of blinking {unknown}
Potions
 b - 2 potions of heal wounds
 c - a potion of ambrosia
 d - a potion of haste {unknown}
 f - 5 potions of flight
 h - 2 potions of stabbing {unknown}
 l - 2 potions of might
 n - a potion of berserk rage {unknown}
 p - 5 potions of curing
 q - 3 potions of brilliance
 s - a potion of degeneration {unknown}
 u - a potion of lignification {unknown}
 w - a potion of resistance {unknown}
Comestibles
 a - 11 rations


   Skills:
 + Level 6.6 Fighting
 + Level 8.1 Dodging
 - Level 7.0 Stealth
 + Level 6.8 Unarmed Combat
 + Level 2.2 Spellcasting
 * Level 6.7 Necromancy


You had one spell level left.
You knew the following spells:

 Your Spells              Type           Power        Failure   Level  Hunger
a - Corpse Rot            Necr/Air       N/A          11%         2    ###....
b - Vampiric Draining     Necr           ###.......   4%          3    ####...
c - Agony                 Necr           ###.....     43%         5    ######.

Your spell library contained the following spells:

 Spells                   Type           Power        Failure   Level  Hunger
 Pain                     Necr           ###.         1%          1    ##.....
 Sandblast                Erth           #.....       26%         1    ##.....
 Sublimation of Blood     Necr           ###.......   2%          2    ###....
 Dispel Undead            Necr           ###.....     17%         4    #####..
 Passwall                 Tmut/Erth      #.......     38%         2    ###....
 Stone Arrow              Conj/Erth      #.....       63%         3    ####...
 Borgnjor's Vile Clutch   Necr/Erth      #.........   88%         5    ######.
 Petrify                  Tmut/Erth      #.......     95%         4    #####..
 Death Channel            Necr           ###.......   95%         6    #######
 Lee's Rapid Deconstruct  Erth           #.........   100%        5    ######.
 Simulacrum               Ice/Necr       #.........   100%        6    #######


Dungeon Overview and Level Annotations

Branches:
Dungeon (8/15)             Temple (0/1) D:5            Lair (0/6) D:8
Ossuary (visited)

Altars:
Cheibriados
Dithmenos
Gozag
Hepliaklqana
Kikubaaqudgha
Makhleb
Nemelex Xobeh
Okawaru
Trog
Uskayaw
Wu Jian
Zin

Shops:
D:6 (

Annotations:
D:3 Purgy
D:7 exclusion: door
D:8 Erica


Innate Abilities, Weirdness & Mutations

You cannot wear armour.
You are incapable of wielding weapons or throwing items.
Your paws allow you to move quietly. (Stealth)
You have sharp claws.
You have razor-sharp teeth.
You have supernaturally acute eyesight. (SInv)
You are carnivorous and can eat meat at any time.
You cover ground quickly.
You are covered in thick fur. (AC +2)
You have a slow metabolism.
Your sharp claws are effective at attacking unaware monsters.


Message History

You are very lightly contaminated with residual magic.
Nothing appears to happen.
Erica zaps a wand.
Erica creates a blast of flame!
You are engulfed in blazing flames.
You are engulfed in blazing flames.
Ouch! That really hurt!
* * * LOW HITPOINT WARNING * * *
Erica zaps a wand.
Erica creates a blast of freezing vapour!
Erica is engulfed in blazing flames.
Erica gestures at you while chanting. The bolt of poison hits you!
You are lethally poisoned!
You die...
You are now level 8!
You rejoin the land of the living...
Found a glass wand and 10 gold pieces. 4 killer bees, an ogre and a crimson imp come into view.
You can't grasp things well enough to throw them.
You can't grasp things well enough to throw them.
Are you sure you want to abandon this character and quit the game? (Confirm with "yes".)

#### ****,****,,,,,,,,,,,***,*
*,* ##.......***,* *,*
**********,*##........,,*,***,*
*,,,,,,,*,,,.P...P....,,,,,,,,*
***,*****,**,##.......,,,,,,,****
,,,,,,,**.####.P...O.,,,,,,,,*
,**,,*,**/....yy...#+**,,,,,,*
,,,,,*,****,#..P...#,,*,,,,,,*
,,**,*,* *,*#..@..#,>*,,,,,,*
,,**,*,* *,*#..y..#***,,,,,**
,,,,,,,* *,*#...yP...,,,,,,*
,,,,,******,*##..P......,,,**
,,,,,* *,,,,,,....P.P.P.,,,*
,,,,,* *,**,*#.#..$P.PP.,,**
,,,,,* *,**,*#....P.....***
>,,,,* *,*,,*#5##....###* ,,,,,*
*,*,***,*******


You could see an ogre (wandering), 4 killer bees and a crimson imp (asleep).

Vanquished Creatures
  A hornet (D:8)
  A hippogriff (D:7)
  A hungry ghost (D:6)
  A water moccasin (D:5)
  3 ice beasts
  A phantom (D:6)
  3 ogres
  4 bullfrogs
  2 water moccasin zombies (Ossuary)
  A scorpion (D:7)
  4 killer bees (D:7)
  2 howler monkeys (D:8)
  5 crimson imps
  4 hounds
  An iron imp (D:5)
  A gnoll shaman (D:7)
  5 iguanas
  8 worker ants
  4 big kobold zombies (Ossuary)
  2 hound zombies (D:7)
  2 mummies (Ossuary)
  5 gnolls (D:7)
  10 adders
  8 adder zombies (Ossuary)
  2 adder skeletons (D:4)
  2 worms
  3 dart slugs
  A leopard gecko (D:6)
  16 orcs
  A ball python (D:1)
  4 giant cockroaches
  2 gnoll zombies (Ossuary)
  5 goblins
  5 hobgoblins
  7 jackals
  8 kobolds
  3 quokkas
  8 bats
  11 frilled lizards
  3 hobgoblin zombies (Ossuary)
  5 kobold zombies (Ossuary)
  5 orc zombies (Ossuary)
  13 rats
183 creatures vanquished.

Vanquished Creatures (others)
  18 fungi (D:8)
  10 plants (D:8)
28 creatures vanquished.

Grand Total: 211 creatures vanquished

Notes
Turn   | Place    | Note
-------+----------+-------------------------------------------
     0 | D:1      | 2bobheroes the Felid Monk began the quest for the Orb.
     0 | D:1      | Reached XP level 1. HP: 10/10 MP: 2/2
   171 | D:1      | Reached XP level 2. HP: 14/14 MP: 3/3
   942 | D:2      | Reached XP level 3. HP: 13/17 MP: 4/4
  1288 | D:2      | You fall into a shaft and drop 1 floor!
  1349 | D:3      | Reached XP level 4. HP: 22/22 MP: 5/5
  1410 | D:3      | Noticed Purgy
  1876 | D:2      | You fall into a shaft and drop 1 floor!
  2760 | D:2      | Found a glowing silver altar of Zin.
  2948 | D:4      | Reached XP level 5. HP: 25/25 MP: 6/6
  2964 | D:4      | Noticed an ogre
  2968 | D:4      | Killed an ogre
  2968 | D:4      | Reached skill level 5 in Dodging
  3004 | D:4      | Found a burning altar of Makhleb.
  3189 | D:4      | Gained mutation: You are covered in thick fur. (AC +2)
                  | [Felid growth]
  3189 | D:4      | Reached XP level 6. HP: 25/29 MP: 7/7
  3864 | D:5      | Entered Level 5 of the Dungeon
  3894 | D:5      | Found a hazy altar of Hepliaklqana.
  3941 | D:5      | Found an ancient bone altar of Kikubaaqudgha.
  3957 | D:5      | Became a worshipper of Kikubaaqudgha
  3957 | D:5      | Reached * piety under Kikubaaqudgha
  3957 | D:5      | Identified Kikubaaqudgha's Reference Book on Evil
                  | (Kikubaaqudgha gifted it to you on level 5 of the Dungeon)
  3957 | D:5      | Received a gift from Kikubaaqudgha
  3957 | D:5      | Reached ** piety under Kikubaaqudgha
  4016 | D:5      | Learned a level 2 spell: Corpse Rot
  4020 | D:5      | Learned a level 3 spell: Vampiric Draining
  4144 | D:5      | Noticed an ice beast
  4152 | D:5      | Killed an ice beast
  4152 | D:5      | Reached skill level 1 in Necromancy
  4376 | D:5      | Found a snail-covered altar of Cheibriados.
  4679 | D:5      | Reached skill level 5 in Unarmed Combat
  4711 | D:5      | Reached XP level 7. HP: 33/33 MP: 8/8
  4803 | D:5      | Reached skill level 5 in Stealth
  4824 | D:5      | Reached skill level 5 in Fighting
  5061 | D:5      | Found a hide-covered altar of Uskayaw.
  5061 | D:5      | Found an ornate altar of the Wu Jian Council.
  5253 | D:5      | Found a staircase to the Ecumenical Temple.
  5694 | D:6      | Reached skill level 6 in Dodging
  5721 | D:6      | Found Jiant's Antique Weapon Emporium.
  5725 | D:6      | Found an iron altar of Okawaru.
  6649 | D:6      | Found a shadowy altar of Dithmenos.
  6752 | D:6      | Reached XP level 8. HP: 37/37 MP: 9/9
  6977 | D:7      | Found a shadowy altar of Dithmenos.
  8287 | D:7      | Reached skill level 7 in Dodging
  8322 | D:7      | Reached skill level 5 in Necromancy
  8444 | D:7      | Reached *** piety under Kikubaaqudgha
  8444 | D:7      | Identified Kikubaaqudgha's Guide on Darkness (Kikubaaqudgha
                  | gifted it to you on level 7 of the Dungeon)
  8444 | D:7      | Received a gift from Kikubaaqudgha
  9116 | D:7      | Found an opulent altar of Gozag.
  9144 | D:7      | Noticed a moth of wrath
  9147 | D:7      | Found a bloodstained altar of Trog.
  9390 | D:7      | Noticed a hippogriff
  9408 | D:7      | Killed a hippogriff
  9408 | D:7      | Reached XP level 9. HP: 22/41 MP: 0/11
  9418 | D:7      | Reached skill level 1 in Spellcasting
  9647 | D:6      | Learned a level 5 spell: Agony
  9690 | D:7      | Noticed a gargoyle
  9875 | D:8      | Found a sparkling altar of Nemelex Xobeh.
  9906 | D:8      | Found a sand-covered staircase.
  9915 | Ossuary  | Entered an ossuary
 10312 | Ossuary  | Reached **** piety under Kikubaaqudgha
 10681 | D:8      | Reached skill level 8 in Dodging
 10982 | D:8      | Noticed Erica
 11018 | D:8      | Killed from afar by Erica
 11019 | D:8      | Reached XP level 8. HP: -1/39 MP: 8/12
 11019 | D:8      | Quit the game

Illustrated notes

Levels and vault maps discovered:
D:1:      heliophobic_arrival_glass_houses, layout_rooms
D:2:      layout_loops_ring, zin_treasury, first_ration
D:3:      layout_basic, uniq_purgy
D:4:      layout_rooms, lemuel_crystal_altar, kennysheep_dice
D:5:      layout_basic, kiku_gazebo_pond_becter, slow_altar_1,
          lemuel_doored_altar, gammafunk_temple_overflow_wave,
          minmay_temple_entry_fiery
D:6:      layout_basic, nicolae_overflow_hidden_temple, lemuel_crystal_altar,
          serial_shops, shop
D:7:      minmay_chambers_of_fours, layout_basic, grunt_gozag_breadcrumbs,
          tgw_trog, basic_altar, chequers_serial_rivers_micro_d
D:8:      layout_loops_cross, nemelex_xobeh_ov_fountains_minmay,
          grunt_lair_entry_orc_guard_hut, enter_ossuary_2, uniq_erica

Skill      XL: |  1  2  3  4  5  6  7  8  9 |
---------------+----------------------------+-----
Stealth        | 3 4 5 7 |  7.0
Fighting       | 4 5 6 |  6.6
Unarmed Combat | 4 5 6 |  6.8
Dodging        | 5 6 7 8 |  8.1
Necromancy     | 1 3 5 6 |  6.7
Spellcasting   | 2 |  2.2

Action                   |  1- 3 |  4- 6 |  7- 9 || total
-------------------------+-------+-------+-------++-------
Melee: Unarmed           |   118 |   166 |   482 ||   766
       Bite              |    14 |    17 |    68 ||    99
       Punch             |       |     3 |    12 ||    15
 Cast: Vampiric Draining |       |       |    26 ||    26
       Corpse Rot        |       |       |     1 ||     1
  Use: Potion            |       |     1 |     1 ||     2
       Scroll            |       |       |     9 ||     9
 Stab: Sleeping          |    15 |    14 |    20 ||    49
       Distracted        |       |     1 |     2 ||     3
  Eat: Chunk             |     8 |     6 |    26 ||    40
       Ration            |       |       |     1 ||     1
Armor: Skin              |     3 |     5 |    15 ||    23
Dodge: Dodged            |    86 |   115 |   398 ||   599
